 Dungeon Crawl Stone Soup version 0.28-a0-726-g4a9143789a (webtiles) character file.

Game seed: 3803306680177206339

260 Mgcat the Skirmisher (level 6, -5/41 HPs)
             Began as a Gargoyle Fighter on Oct 27, 2021.
             Was a Believer of Yredelemnul.
             Slain by an ogre (7 damage)
             ... on level 4 of the Dungeon.
             The game lasted 00:04:46 (3330 turns).

Mgcat the Skirmisher (Gargoyle Fighter)             Turns: 3330, Time: 00:04:46

Health: -5/41      AC: 12    Str: 22    XL:     6   Next: 17%
Magic:  6/6        EV:  9    Int:  8    God:    Yredelemnul [**....]
Gold:   95         SH:  4    Dex:  9    Spells: 5/5 levels left

rFire   . . .      SeeInvis .   v - +1 hand axe (vorpal)
rCold   . . .      Faith    .   c - +0 buckler
rNeg    + . .      Spirit   .   b - +0 scale mail
rPois   ∞          Reflect  .   (no helmet)
rElec   +          Harm     .   (no cloak)
rCorr   .          Rampage  .   (no gloves)
Will    .....                   t - +0 pair of boots
Stlth   ..........              (no amulet)
HPRegen 0.13/turn               (no ring)
MPRegen 0.10/turn               (no ring)

@: no status effects
A: sickness immunity, AC +4, negative energy resistance 1, electricity
resistance, torment resistance 1, petrification resistance
a: Renounce Religion, Animate Remains, Recall Undead Slaves, Injury Mirror


You were on level 4 of the Dungeon.
You worshipped Yredelemnul.
Yredelemnul was pleased with you.
You visited 1 branch of the dungeon, and saw 4 of its levels.

You collected 137 gold pieces.
You spent 42 gold pieces at shops.

Inventory:

Hand Weapons
 a - a +0 war axe
 v - a +1 vorpal hand axe (weapon)
   (You took it off an orc on level 4 of the Dungeon)
Missiles
 i - 2 curare-tipped darts
Armour
 b - a +0 scale mail (worn)
 c - a +0 buckler (worn)
 t - a +0 pair of boots (worn)
   (You found it on level 3 of the Dungeon)
Magical Staves
 p - a staff of air {rElec}
   (You found it on level 3 of the Dungeon)
Wands
 l - a wand of acid (6)
   (You found it on level 3 of the Dungeon)
 n - a wand of flame (17)
   (You found it on level 3 of the Dungeon)
 w - a wand of iceblast (9)
   (You found it on level 4 of the Dungeon)
Scrolls
 e - 5 scrolls of identify
 j - 3 scrolls of noise {!r}
 k - 2 scrolls of teleportation {unknown}
 m - a scroll of immolation {unknown}
 q - a scroll of brand weapon {unknown}
 r - a scroll of summoning {unknown}
 s - 2 scrolls of enchant weapon {unknown}
 u - a scroll of silence
Potions
 d - 2 potions of might
 f - 6 potions of heal wounds
 g - 4 potions of lignification {!q}
 h - 2 potions of attraction {unknown}
 o - a potion of haste {unknown}
 x - 2 potions of resistance {unknown}


   Skills:
 + Level 5.6 Fighting
 + Level 4.2 Axes
 - Level 3.2 Armour
 - Level 3.2 Shields


You had 5 spell levels left.
You didn't know any spells.
Your spell library was empty.

Dungeon Overview and Level Annotations

Branches:
Dungeon (4/15)
 Temple: D:4-7

Altars:
Dithmenos
Yredelemnul

Shops:
D:2 ?

Annotations:
D:4 3 runed translucent doors, ma3's ghost, amateur DgTm


Innate Abilities, Weirdness & Mutations

You are immune to sickness and miasma.
Your stone body is resilient. (AC +4)
You are immune to poison.
You resist negative energy. (rN+)
You are resistant to electric shocks. (rElec)
You are resistant to unholy torment.
You are immune to petrification.


Message History

You hit the adder.
The adder is moderately wounded.
The adder bites you but does no damage.
You barely miss the adder.
The adder is moderately wounded.
The adder bites you but does no damage.
You slash the adder!
You kill the adder!
Yredelemnul accepts your kill.
No target in view!
No target in view!
The goblin shouts!
An endoplasm comes into view.
The endoplasm quivers.
You regained 3 hp, and now have 37/41 hp.
The endoplasm hits you but does no damage.
You barely miss the endoplasm. You block the endoplasm's attack.
You slash the endoplasm!
You kill the endoplasm!
Yredelemnul accepts your kill.
You can now recall your undead slaves.
You can now mirror injuries on your foes.
No target in view!
No target in view!
You now have 85 gold pieces (gained 12).
The goblin shouts!
Health restored: 41 You hit the goblin.
You kill the goblin!
Yredelemnul accepts your kill.
No target in view!
You see here a +0 club.
A dart slug comes into view.
The dart slug launches a dart at you. You block the slug dart.
You hit the dart slug.
The dart slug is heavily wounded.
You barely miss the dart slug.
The dart slug is heavily wounded.
The dart slug closely misses you.
You hit the dart slug.
The dart slug is almost dead.
The dart slug launches a dart at you. The slug dart misses you.
You hit the dart slug.
You kill the dart slug!
Yredelemnul accepts your kill.
No target in view!
A ball python comes into view.
The ball python hisses angrily.
A ball python is nearby!
You hit the ball python but do no damage.
The ball python barely misses you. You block the ball python's attack.
You hit the ball python.
You kill the ball python!
Yredelemnul accepts your kill.
No target in view!
You see here a ball python corpse.
Found a stone staircase leading down.
d - 2 potions of might (gained 1)
Found a stone staircase leading up.
There is a stone staircase leading down here.
You now have 95 gold pieces (gained 10).
An ogre comes into view. It is wielding a +0 giant club.
Found a stone staircase leading up.
The ogre shouts!
Spoiler Alert: The ogre can hit for high damage in melee!
You block the ogre's attack.
You barely miss the ogre. The ogre hits you with a +0 giant club!
You take 14 damage, and have 27/41 hp.
MASSIVE DAMAGE!!
You are too injured to fight recklessly!
You are too injured to fight recklessly!
You are too injured to fight recklessly!
Spoiler Alert: The ogre can hit for high damage in melee!
You are too injured to fight recklessly!
You hit the ogre.
The ogre is moderately wounded.
The ogre hits you with a +0 giant club!
You take 11 damage, and have 16/41 hp.
MASSIVE DAMAGE!!
You hit the ogre.
The ogre is heavily wounded.
The ogre hits you with a +0 giant club!
* * * LOW HITPOINT WARNING * * *
You take 12 damage, and have 4/41 hp.
MASSIVE DAMAGE!!
Spoiler Alert: The ogre can hit for high damage in melee!
You slash the ogre!
The ogre is almost dead.
You barely miss the ogre.
The ogre is almost dead.
The ogre hits you with a +0 giant club.
* * * LOW HITPOINT WARNING * * *
You take 3 damage, and have 1/41 hp.
Spoiler Alert: The ogre can hit for high damage in melee!
You barely miss the ogre.
The ogre is severely wounded.
The ogre closely misses you.
You hit the ogre.
The ogre is almost dead.
The ogre hits you with a +0 giant club!
You die...
Your body rises from the dead as a mindless zombie.

.###.#.......#
#.############ .#
#.#.......# #.# .#
#.#.......# #.# .#
#.#.......# #.#
.###.#..###### ###.#
.#...#..# #<#.# .#.#.#..#
#.#.# .#.#.#..# #O#.#
.#.#.#..########@#.#
.#.#.#...........#.#
.#.#.#.###########.#
.#.#...............#
.#.#.#.###################
###....#.................#
(.##.###.###############.#
(.##.# #.# #.######
..##.###'####### #.....[#


You could see an ogre.

Vanquished Creatures
  A howler monkey (D:4)
  A hound (D:4)
  An orc wizard (D:3)
  A hound skeleton (D:4)
  6 adders
  An ufetubus (D:4)
  9 dart slugs
  2 worms (D:3)
  5 orcs
  8 bats
  7 endoplasms
  5 giant cockroaches
  6 goblins
  6 hobgoblins
  2 quokkas
  2 ball pythons
  A frilled lizard (D:2)
  5 kobolds
  2 rats
71 creatures vanquished.

Notes
Turn   | Place    | Note
-------+----------+-------------------------------------------
     0 | D:1      | Mgcat the Gargoyle Fighter began the quest for the Orb.
     0 | D:1      | Reached XP level 1. HP: 14/14 MP: 1/1
    62 | D:1      | Reached skill level 2 in Axes
   319 | D:1      | Reached XP level 2. HP: 19/19 MP: 2/2
   633 | D:1      | Reached XP level 3. HP: 24/24 MP: 3/3
   646 | D:1      | Reached skill level 4 in Fighting
   973 | D:2      | Found Aghoopli's Magic Scroll Shop.
  1002 | D:2      | Bought a scroll of identify for 28 gold pieces
  1002 | D:2      | Bought a scroll of noise for 14 gold pieces
  1150 | D:2      | Found a faded altar of an unknown god.
  1175 | D:2      | Reached skill level 3 in Axes
  1175 | D:2      | Reached XP level 4. HP: 25/30 MP: 4/4
  1185 | D:2      | Prayed at the altar of an unknown god.
  1185 | D:2      | Became a worshipper of Yredelemnul the Dark
  1185 | D:2      | Reached * piety under Yredelemnul
  1959 | D:3      | Found a shadowy altar of Dithmenos.
  1991 | D:3      | HP: 3/30 [something/puff of flame (14)]
  1996 | D:3      | Reached skill level 5 in Fighting
  1996 | D:3      | Reached XP level 5. HP: 4/35 MP: 3/5
  2814 | D:4      | Found a runed translucent gate.
  2815 | D:4      | Found a runed translucent gate.
  2818 | D:4      | Found a runed translucent gate.
  2819 | D:4      | Noticed ma3's ghost (amateur DgTm)
  2882 | D:4      | Reached skill level 4 in Axes
  2882 | D:4      | Reached XP level 6. HP: 35/40 MP: 6/6
  2950 | D:4      | Reached ** piety under Yredelemnul
  3326 | D:4      | HP: 4/41 [ogre (12)]
  3328 | D:4      | HP: 1/41 [ogre (3)]
  3330 | D:4      | Slain by an ogre

Illustrated notes

Levels and vault maps discovered:
D:1:      dpeg_arrival_rhombus, layout_basic
D:2:      layout_basic, serial_shops, shop,
          hellmonk_ecumenical_altar_slurped_away, guppyfry_early_lair_pool
D:3:      layout_loops_ring, old_standard_altar, minmay_puff
D:4:      layout_basic, ebering_ghost_rock_garden, minivault_19, corexii_shack

Skill      XL: |  1  2  3  4  5 |
---------------+----------------+-----
Axes           | 2 3 4 |  4.2
Fighting       | 4 5 |  5.6
Armour         | |  3.2
Shields        | |  3.2

Action                   |  1- 3 |  4- 6 || total
-------------------------+-------+-------++-------
Melee: War axe           |    89 |    65 ||   154
       Hand axe          |       |    48 ||    48
Invok: Animate Remains   |       |     2 ||     2
Evoke: Wand              |       |     2 ||     2
  Use: Scroll            |     3 |       ||     3
Armor: Scale mail        |    73 |    59 ||   132
Dodge: Dodged            |    51 |    35 ||    86
Block: Buckler           |    21 |    17 ||    38

Table legend: (Time is in decaauts)
 A = Elapsed time spent in this place.
 B = Non-inter-level travel time spent in this place.
 C = Inter-level travel time spent in this place.
 D = Time resting spent in this place.
 E = Time spent auto-exploring this place.
 F = Levels seen in this place.
 G = Mean time per level.
                   A        B        C        D        E       F      G
               +--------+--------+--------+--------+--------+-----+--------+
         Total |   3391 |   3284 |    107 |    643 |   2113 |   4 |  847.8 |
       Dungeon |   3391 |   3284 |    107 |    643 |   2113 |   4 |  847.8 |
               +--------+--------+--------+--------+--------+-----+--------+

Top non-repeatable levels by time:
     D:3: 1239 daAuts
     D:1: 950 daAuts
     D:4: 759 daAuts
     D:2: 442 daAuts

Table legend:
 A = Kills in this place as a percentage of kills in entire the game.
 B = Kills by you in this place as a percentage of kills by you in the entire game.
 C = Kills by friends in this place as a percentage of kills by friends in the entire game.
 D = Other kills in this place as a percentage of other kills in the entire game.
 E = Experience gained in this place as a percentage of experience gained in the entire game.
 F = Experience gained in this place divided by the number of levels of this place that you have seen.
                   A       B       C       D       E      F
               +-------+-------+-------+-------+-------+----------------------
         Total | 100.0 | 100.0 |   N/A |   N/A | 100.0 |  93.0
       Dungeon | 100.0 | 100.0 |   N/A |   N/A | 100.0 |  93.0
               +-------+-------+-------+-------+-------+----------------------
